 Dungeon Crawl Stone Soup version 0.28.0-53-g5a82cb258f (webtiles) character file.

Game seed: 16345867587974845964

161 MiltankisOP the Sneak (level 5, -1/36 HPs)
             Began as an Octopode Transmuter on June 14, 2022.
             Slain by a human (9 damage)
             ... on level 4 of the Dungeon.
             The game lasted 00:05:39 (4034 turns).

MiltankisOP the Sneak (Octopode Transmuter)         Turns: 4034, Time: 00:05:39

Health: -1/36      AC:  1    Str: 10    XL:     5   Next: 42%
Magic:  7/8        EV: 14    Int: 17    God:
Gold:   230        SH:  0    Dex: 18    Spells: 7/8 levels left

rFire   . . .      SeeInvis +     - Unarmed
rCold   . . .      Faith    .   (no shield)
rNeg    . . .      Spirit   .   (helmet currently unavailable)
rPois   .          Reflect  .   (no amulet)
rElec   .          Harm     .   a - +6 ring of dexterity
rCorr   .          Rampage  .   h - ring of see invisible
Will    .....                   (no ring)
Stlth   ++++......              (no ring)
HPRegen 0.12/turn               (no ring)
MPRegen 0.11/turn               (no ring)
                                (no ring)
                                (no ring)

@: appendages (expiring)
A: tentacle spike 3, almost no armour, amphibious, 8 rings, camouflage 1,
gelatinous body 1, (nimble swimmer 1), tentacles
a: End Transformation


You were on level 4 of the Dungeon.
One of your tentacles had grown a beastly spike.
You visited 1 branch of the dungeon, and saw 4 of its levels.

You collected 230 gold pieces.

Inventory:

Jewellery
 a - a +6 ring of dexterity (left tentacle)
 h - a ring of see invisible (right tentacle)
 k - a ring of fire
Wands
 l - a wand of polymorph (11)
Scrolls
 e - a scroll of brand weapon {unknown}
 g - a scroll of immolation {unknown}
 i - a scroll of vulnerability {unknown}
 j - a scroll of teleportation {unknown}
 m - 2 scrolls of amnesia {unknown}
 o - a scroll of enchant weapon {unknown}
 p - a scroll of fog {unknown}
Potions
 b - a potion of degeneration {unknown}
 c - 2 potions of heal wounds {unknown}
 d - a potion of flight {unknown}
 f - a potion of curing {unknown}
 n - a potion of attraction {unknown}


   Skills:
 + Level 3.0 Fighting
 + Level 3.4 Dodging
 - Level 4.0 Stealth
 - Level 3.0 Unarmed Combat
 - Level 2.0 Spellcasting
 - Level 2.0 Transmutations


You had 7 spell levels left.
You knew the following spells:

 Your Spells              Type           Power      Damage    Failure   Level
a - Beastly Appendage     Tmut           16%        N/A       9%          1

Your spell library contained the following spells:

 Spells                   Type           Power      Damage    Failure   Level
 Wereblood                Tmut           8%         N/A       13%         2
 Spider Form              Tmut/Pois      5%         N/A       36%         3
 Ice Form                 Ice/Tmut       5%         N/A       77%         4
 Conjure Ball Lightning   Conj/Air       0%         3x3d6     100%        6
 Discord                  Hex            0%         N/A       100%        8
 Disjunction              Tloc           0%         N/A       100%        8


Dungeon Overview and Level Annotations

Branches:
Dungeon (4/15)
 Temple: D:4-7

Altars:
Uskayaw

Shops:
D:3 :


Innate Abilities, Weirdness & Mutations

One of your tentacles has grown a beastly spike.
You cannot wear most types of armour.
You are amphibious.
You can wear up to eight rings at the same time.
Your skin changes colour to match your surroundings (Stealth+).
Your rubbery body absorbs attacks. (AC +1, EV +1)
((You are camouflaged when in or above water. (Stealth+)))
You have tentacles for arms and can constrict up to eight enemies at once.


Message History

You tentacle-slap the kobold.
You kill the kobold!
You see here a +0 whip.
A black bear comes into view.
You barely miss the orc.
The black bear growls angrily.
You grab the orc. You constrict the orc. The orc hits you with a +0 hand axe.
There are monsters nearby!
You release your grip on the orc.
You see here a +0 whip.
Casting: Beastly Appendage (safe; 9% risk of failure)
Confirm with . or Enter, or press ? or * to list all spells.
One of your tentacles grows a vicious spike.
The orc hits you with a +0 hand axe.
You completely miss the orc. You grab the orc.
You pierce the orc.
You kill the orc!
Your Fighting skill increases to level 3!
Aiming: Polymorph
Press: ? - help, Q - select action, (/) - cycle Shift-Dir - straight line, f - black bear
Aim: a black bear (will become a steam dragon, a human, or a wind drake, chance to affect: 49%)
The black bear resists with some effort.
Your transformation is almost over.
The black bear bites you! The black bear closely misses you.
The black bear claws you.
Aiming: Polymorph
Press: ? - help, Q - select action, (/) - cycle Shift-Dir - straight line, f/p - black bear
Aim: a black bear (will become a steam dragon, a human, or a wind drake, chance to affect: 49%)
The black bear evaporates and reforms as a human!
You closely miss the human. You grab the human.
You constrict the human, but do no damage.
The human hits you.
You tentacle-slap the human.
You pierce the human.
The human is lightly wounded.
You constrict the human. The human hits you.
* * * LOW HITPOINT WARNING * * *
You tentacle-slap the human but do no damage.
You pierce the human.
Your squeeze misses the human.
The human is heavily wounded.
You constrict the human. The human hits you!
You die...

###.# ...# #..#
#######..##
#.........##.#.
#.#####........
#.#.##.## #
#p#.# .# #.#.
#@#.. .
###.#.#####.#
#.
#........)..#
..
#.###.#.#####
.#
#.........##..
#.#######.##.#
#.#.(...#.##.#
...
#.#.....#.##.#
#.#
#.#.._..'.##.#
#.##


You could see a human.

Vanquished Creatures
  A centaur skeleton (D:2)
  5 adders
  A worm (D:3)
  A dart slug (D:4)
  An orc (D:4)
  3 bats
  4 endoplasms
  4 giant cockroaches
  9 goblins
  10 hobgoblins
  8 jackals
  2 quokkas
  8 ball pythons
  3 frilled lizards
  7 kobolds
  7 rats
74 creatures vanquished.

Notes
Turn   | Place    | Note
-------+----------+-------------------------------------------
     0 | D:1      | MiltankisOP the Octopode Transmuter began the quest for the
                  | Orb.
     0 | D:1      | Reached XP level 1. HP: 13/13 MP: 3/3
    66 | D:1      | Reached skill level 1 in Stealth
    78 | D:1      | Reached skill level 2 in Stealth
    79 | D:1      | Reached XP level 2. HP: 4/18 MP: 3/5
   436 | D:1      | Reached skill level 3 in Stealth
   712 | D:1      | Reached XP level 3. HP: 19/23 MP: 6/6
  1009 | D:1      | Reached skill level 4 in Stealth
  1215 | D:1      | Noticed a floating eye
  1219 | D:1      | Found a faded altar of an unknown god.
  1223 | D:1      | Noticed a floating eye
  1223 | D:1      | Noticed a golden eye
  1223 | D:1      | Noticed a great orb of eyes
  1654 | D:2      | Reached XP level 4. HP: 5/29 MP: 7/7
  3198 | D:3      | Found Bosaxycw's Book Shoppe.
  3210 | D:3      | Reached XP level 5. HP: 31/35 MP: 8/8
  3955 | D:4      | Found a hide-covered altar of Uskayaw.
  4020 | D:4      | Noticed a black bear
  4031 | D:4      | Noticed a human
  4031 | D:4      | a black bear changed into a human
  4034 | D:4      | Slain by a human

Illustrated notes

Levels and vault maps discovered:
D:1:      lightli_arrival_farm, layout_rooms,
          hellmonk_ecumenical_altar_watching_god, roderic_three_in_a_row
D:2:      layout_basic, minmay_small_reverse_x
D:3:      layout_basic, serial_shops, shop
D:4:      layout_loops_ring, amcnicky_altar_gilded, serial_shops,
          kennysheep_little_box, minmay_vboxes

Skill      XL: |  1  2  3  4  5 |
---------------+----------------+-----
Stealth        | 2 3 4 |  4.0
Fighting       | 2 3 |  3.0
Dodging        | 3 |  3.4
Unarmed Combat | |  3.0
Spellcasting   | |  2.0
Transmutations | |  2.0

Action                   |  1- 3 |  4- 6 || total
-------------------------+-------+-------++-------
Melee: Unarmed           |    83 |    73 ||   156
       Kick              |    25 |    25 ||    50
       Constrict         |    19 |    23 ||    42
       Tentacles         |    13 |    14 ||    27
       Punch             |     1 |     3 ||     4
 Cast: Beastly Appendage |    17 |    28 ||    45
Evoke: Wand              |       |     2 ||     2
 Stab: Sleeping          |     3 |    12 ||    15
Armor: Skin              |     2 |     6 ||     8
Dodge: Dodged            |    59 |    41 ||   100
